 Dungeon Crawl Stone Soup version 0.28-a0-1227-ga9037bb4c8 (webtiles) character file.

Game seed: 16222407095828778009

691 Ijustatesigmund the Cleaver (level 7, -2/66 HPs)
             Began as a Hill Orc Fighter on Dec 22, 2021.
             Slain by an ogre (12 damage)
             ... on level 5 of the Dungeon.
             The game lasted 00:07:04 (3943 turns).

Ijustatesigmund the Cleaver (Hill Orc Fighter)      Turns: 3943, Time: 00:07:04

Health: -2/66      AC:  9    Str: 19      XL:     7   Next: 63%
Magic:  0/7        EV:  7    Int:  9 (10) God:
Gold:   210        SH:  0    Dex:  9 (10) Spells: 6/6 levels left

rFire   . . .      SeeInvis .   a - +0 war axe
rCold   . . .      Faith    .   c - +1 buckler
rNeg    . . .      Spirit   +   b - +0 chain mail
rPois   .          Reflect  .   (no helmet)
rElec   .          Harm     .   (no cloak)
rCorr   .          Rampage  .   (no gloves)
Will    .....                   (no boots)
Stlth   ..........              i - amulet of guardian spirit
HPRegen 0.21/turn               (no ring)
MPRegen 0.10/turn               (no ring)

@: confused
A: no striking features
a: no special abilities


You were on level 5 of the Dungeon.
You visited 1 branch of the dungeon, and saw 5 of its levels.

You collected 234 gold pieces.
You spent 24 gold pieces at shops.

Inventory:

Hand Weapons
 a - a +0 war axe (weapon)
 k - a +2 antimagic trident
Missiles
 o - 2 atropa-tipped darts (quivered)
Armour
 b - a +0 chain mail (worn)
 c - a +1 buckler (worn)
Jewellery
 i - an amulet of guardian spirit (around neck)
Wands
 m - a wand of charming (12)
Scrolls
 j - a scroll of fog
 p - a scroll of identify


   Skills:
 + Level 7.3 Fighting
 + Level 8.4 Axes
 - Level 3.2 Armour
 - Level 3.2 Shields


You had 6 spell levels left.
You didn't know any spells.
Your spell library contained the following spells:

 Spells                   Type           Power      Damage    Failure   Level
 Animate Skeleton         Necr           0%         N/A       99%         1
 Pain                     Necr           0%         1d4       99%         1
 Stone Arrow              Conj/Erth      0%         3d7       100%        3
 Vampiric Draining        Necr           0%         2d6       100%        3
 Animate Armour           Summ/Erth      0%         N/A       100%        4
 Lehudib's Crystal Spear  Conj/Erth      0%         10d2      100%        8


Dungeon Overview and Level Annotations

Branches:
Dungeon (5/15)
 Temple: D:4-7

Altars:
Dithmenos
Gozag
Kikubaaqudgha
Okawaru

Shops:
D:1 *

Annotations:
D:5 Edmund


Message History

You hear some strange, mumbled words.
A magic dart appears from out of thin air!
The magic dart hits you but does no damage.
You barely miss Edmund.
Edmund is lightly wounded.
You barely miss the orc. You miss something.
Edmund hits you with a +3 flail of protection.
The orc hits you with a +0 dagger. Something hits you but does no damage.
You block Edmund's attack.
You hit Edmund but do no damage.
Edmund is lightly wounded.
You barely miss something. You hit the orc but do no damage.
The orc closely misses you. Something hits you but does no damage.
Edmund hits you with a +3 flail of protection.
You hit Edmund but do no damage.
Edmund is lightly wounded.
You barely miss something. You hit the orc. The orc barely misses you.
Something hits you but does no damage.
Edmund hits you with a +3 flail of protection.
* * * LOW HITPOINT WARNING * * *
The orc barely misses you.
As you read the scroll of fog, it crumbles to dust.
The scroll dissolves into smoke.
Something hits you but does no damage.
Edmund hits you with a +3 flail of protection!
* * * LOW HITPOINT WARNING * * *
The orc hits you but does no damage.
You hear some strange, mumbled words.
You are confused.
The orc hits you with a +0 dagger. The water moccasin closely misses you.
You hit the water moccasin but do no damage.
The water moccasin is lightly wounded.
You miss something. You miss Edmund.
The water moccasin bites you but does no damage.
Edmund closely misses you. The water moccasin barely misses you.
You're too confused to move!
The water moccasin bites you but does no damage.
Something hits you but does no damage. Edmund hits you but does no damage.
The ogre hits you with a +0 giant club!
You die...

##### . ###...# .
#.....# .. #.§§..# .
#§§O§.# #§o@@§#
###§§{S§# #.§§§§§§#
##.#....§# #######
##........#.$
...##.###..$.$.$.$.$._
....#...#.........#.$8
....#...#.........####
....#...#............


You could see Edmund, a water moccasin, an ogre and an orc.

Vanquished Creatures
  Eustachio (D:5)
  An orc warrior (D:5)
  A sky beast (D:3)
  Blork the orc (D:5)
  A water moccasin skeleton (D:3)
  2 orc priests (D:5)
  2 orc wizards (D:5)
  6 adders (D:2)
  An adder skeleton (D:2)
  4 worms
  A dart slug (D:1)
  6 orcs
  3 bats (D:2)
  6 endoplasms
  5 giant cockroaches
  8 goblins
  6 hobgoblins
  5 jackals
  4 kobolds
  5 quokkas
  9 ball pythons
  4 frilled lizards
  5 rats
87 creatures vanquished.

Notes
Turn   | Place    | Note
-------+----------+-------------------------------------------
     0 | D:1      | Ijustatesigmund the Hill Orc Fighter began the quest for
                  | the Orb.
     0 | D:1      | Reached XP level 1. HP: 19/19 MP: 1/1
    87 | D:1      | Reached skill level 3 in Axes
   196 | D:1      | Reached XP level 2. HP: 17/26 MP: 2/2
   310 | D:1      | Found a faded altar of an unknown god.
   382 | D:1      | Found Eciuby's Assorted Antiques.
   436 | D:1      | Bought a scroll labelled FAIHIAZYO QYGG for 24 gold pieces
   579 | D:1      | Reached skill level 4 in Axes
   655 | D:1      | Reached XP level 3. HP: 21/33 MP: 3/3
  1747 | D:2      | Reached skill level 5 in Axes
  1754 | D:2      | Reached XP level 4. HP: 34/40 MP: 4/4
  2096 | D:2      | Reached XP level 5. HP: 42/47 MP: 5/5
  2242 | D:3      | Found an ancient bone altar of Kikubaaqudgha.
  2292 | D:3      | Reached skill level 5 in Fighting
  2292 | D:3      | Reached skill level 6 in Axes
  2635 | D:3      | Noticed a sky beast
  2655 | D:3      | Killed a sky beast
  2656 | D:3      | Reached XP level 6. HP: 57/57 MP: 4/6
  3274 | D:4      | You fall into a shaft and drop 1 floor!
  3274 | D:5      | Entered Level 5 of the Dungeon
  3276 | D:5      | Noticed Blork the orc
  3292 | D:5      | Killed Blork the orc
  3293 | D:5      | Reached skill level 7 in Axes
  3311 | D:5      | Found an iron altar of Okawaru.
  3409 | D:5      | Noticed an orc warrior
  3411 | D:5      | Noticed Eustachio
  3429 | D:5      | Killed an orc warrior
  3430 | D:5      | Reached XP level 7. HP: 38/64 MP: 5/7
  3474 | D:5      | Killed Eustachio
  3475 | D:5      | Reached skill level 8 in Axes
  3882 | D:5      | Found a shadowy altar of Dithmenos.
  3914 | D:5      | Noticed Edmund
  3930 | D:5      | Found an opulent altar of Gozag.
  3943 | D:5      | Slain by an ogre

Illustrated notes

Levels and vault maps discovered:
D:1:      dpeg_arrival_circle_labyrinth_a, layout_rooms, serial_shops,
          nicolae_shop_advertising_works [nicolae_subvault_shop_adworks],
          hellmonk_ecumenical_altar_inner_sanctum, kennysheep_doodads,
          minmay_fountain_box, minmay_bisected
D:2:      minmay_razor_zed, layout_basic, hangedman_decor_diamond_cutter
D:3:      layout_basic, nicolae_kikubaaqudgha_miasma_corner
D:4:      layout_loops_ring, zin_purify, minmay_temple_entry_antechambers
D:5:      layout_gridville, grunt_dithmenos_smoke, amcnicky_altar_gilded,
          grunt_gozag_breadcrumbs, guppyfry_early_orc_mine, uniq_eustachio,
          uniq_blork_the_orc, uniq_edmund

Skill      XL: |  1  2  3  4  5  6  7 |
---------------+----------------------+-----
Axes           | 3 4 5 6 7 8 |  8.4
Fighting       | 4 5 6 7 |  7.3
Armour         | |  3.2
Shields        | |  3.2

Action                   |  1- 3 |  4- 6 |  7- 9 || total
-------------------------+-------+-------+-------++-------
Melee: War axe           |    90 |   113 |    43 ||   246
Throw: Dart              |       |     4 |     1 ||     5
  Use: Scroll            |     5 |     2 |     3 ||    10
       Potion            |       |     3 |     8 ||    11
Armor: Scale mail        |    51 |       |       ||    51
       Chain mail        |       |    53 |    60 ||   113
       Skin              |       |       |     4 ||     4
Dodge: Dodged            |    56 |    37 |    42 ||   135
Block: Buckler           |    25 |    23 |    26 ||    74

Table legend: (Time is in decaauts)
 A = Elapsed time spent in this place.
 B = Non-inter-level travel time spent in this place.
 C = Inter-level travel time spent in this place.
 D = Time resting spent in this place.
 E = Time spent auto-exploring this place.
 F = Levels seen in this place.
 G = Mean time per level.
                   A        B        C        D        E       F      G
               +--------+--------+--------+--------+--------+-----+--------+
         Total |   3999 |   3925 |     74 |    594 |   2679 |   5 |  799.8 |
       Dungeon |   3999 |   3925 |     74 |    594 |   2679 |   5 |  799.8 |
               +--------+--------+--------+--------+--------+-----+--------+

Top non-repeatable levels by time:
     D:1: 1299 daAuts
     D:2: 962 daAuts
     D:3: 925 daAuts
     D:5: 678 daAuts
     D:4: 132 daAuts
